 Dungeon Crawl Stone Soup version 0.27.1-4-g1640c2035a (webtiles) character file.

Game seed: 6627010134882925412

16 Stomo444 the Skirmisher (level 2, -7/16 HPs)
             Began as a Vine Stalker Monk on Nov 9, 2021.
             Mangled by a gnoll (8 damage)
             ... on level 1 of the Dungeon.
             The game lasted 00:01:12 (866 turns).

Stomo444 the Skirmisher (Vine Stalker Monk)          Turns: 866, Time: 00:01:13

Health: -7/16      AC:  2    Str: 13    XL:     2   Next: 58%
Magic:  0/3        EV: 12    Int: 10    God:
Gold:   0          SH:  0    Dex: 16    Spells: 1/1 levels left

rFire    . . .     SeeInvis .   a - +0 mace
rCold    . . .     Faith    .   (no shield)
rNeg     . . .     Spirit   +   b - +0 robe
rPois    .         Reflect  .   (no helmet)
rElec    .         Harm     .   (no cloak)
rCorr    .         Rampage  .   (no gloves)
Will     .....                  (no boots)
Stlth    ++........             (no amulet)
HPRegen  0.05/turn              (no ring)
MPRegen  0.08/turn              (no ring)

@: about to teleport
A: fangs 2, magic shield, antimagic bite, no potion heal 2
a: no special abilities


You were on level 1 of the Dungeon.
You visited 1 branch of the dungeon, and saw 1 of its levels.

Inventory:

Hand Weapons
 a - a +0 mace (weapon)
Armour
 b - a +0 robe (worn)
Scrolls
 f - a scroll of noise {unknown}
Potions
 d - a potion of attraction {unknown}
 e - a potion of haste {unknown}
 g - 2 potions of curing {unknown}


   Skills:
 * Level 3.0 Fighting
 * Level 3.0 Maces & Flails
 + Level 2.5 Dodging
 - Level 2.4 Stealth


You had one spell level left.
You didn't know any spells.
Your spell library was empty.

Dungeon Overview and Level Annotations

Branches:
Dungeon (1/15)

Altars:


Innate Abilities, Weirdness & Mutations

You have extremely sharp teeth.
When hurt, damage is shared between your health and your magic reserves.
Your bite disrupts and absorbs the magic of your enemies.
Potions cannot restore your health.


Message History

The kobold is heavily wounded.
The kobold hits you with a +0 short sword.
The kobold barely misses you.
You completely miss the kobold.
The kobold is heavily wounded.
The kobold misses you. The gnoll barely misses you.
The kobold barely misses you.
You completely miss the kobold. Your bite misses the kobold.
The kobold is heavily wounded.
The gnoll hits you from afar with a +0 spear.
The kobold hits you with a +0 short sword.
A bat comes into view.
Found 9 gold pieces.
The kobold hits you with a +0 short sword.
The kobold hits you but does no damage. The kobold closely misses you.
You closely miss the kobold. You bite the kobold. You drain its power.
The kobold is moderately wounded.
The kobold hits you with a +0 short sword.
You hit the kobold.
You kill the kobold!
The gnoll closely misses you. The gnoll hits you with a +0 spear.
You hit the gnoll.
The gnoll is moderately wounded.
The gnoll misses you.
You barely miss the gnoll.
The gnoll is moderately wounded.
The gnoll closely misses you.
You hit the gnoll but do no damage. You bite the gnoll. You drain its power.
You feel invigorated.
The gnoll is heavily wounded.
The gnoll closely misses you. The gnoll hits you with a +0 spear!
* * * LOW HITPOINT WARNING * * *
Okay, then.
As you read the scroll labelled SAPIALALIKK, it crumbles to dust.
You feel strangely unstable.
It was a scroll of teleportation.
The gnoll hits you with a +0 spear!
Ouch! That really hurt!
You die...

####....###.#### #.#
##.)## ##.########.##
######..######...........
P.............P#######.##
≈P...........P≈#######.#
≈≈P.........P≈≈#.......##
≈≈≈P.......P≈≈≈#########.
≈≈≈≈P....gP≈≈≈≈# #.
≈≈≈≈≈P.<@P≈≈≈≈≈# ##.
≈≈≈≈P.....P≈≈≈≈# ##..
≈≈≈P.......P≈≈≈# #...
≈≈P.........P≈≈# #...
≈P...........P≈# #.#.
P.............P# # #.
#######.......## #.
#..###### ## #.. #.##


You could see a gnoll.

Vanquished Creatures
  2 bats (D:1)
  3 endoplasms (D:1)
  2 goblins (D:1)
  2 hobgoblins (D:1)
  A frilled lizard (D:1)
  2 kobolds (D:1)
  2 rats (D:1)
14 creatures vanquished.

Notes
Turn   | Place    | Note
-------+----------+-------------------------------------------
     0 | D:1      | Stomo444 the Vine Stalker Monk began the quest for the Orb.
     0 | D:1      | Reached XP level 1. HP: 11/11 MP: 2/2
   280 | D:1      | Reached XP level 2. HP: 16/16 MP: 3/3
   866 | D:1      | Mangled by a gnoll

Illustrated notes

Levels and vault maps discovered:
D:1:      eino_arrival_druids_welcome, layout_loops_ring, serial_park_tiny_pond

Skill      XL: |  1  2 |
---------------+-------+-----
Fighting       | 3 |  3.0
Maces & Flails | 3 |  3.0
Dodging        | |  2.5
Stealth        | |  2.4

Action                   || total
-------------------------++-------
Melee: Mace              ||    52
       Bite              ||     9
  Use: Scroll            ||     1
 Stab: Sleeping          ||     4
Armor: Robe              ||    13
Dodge: Dodged            ||    31
